 Dungeon Crawl Stone Soup version 0.31.0-12-g77e489cdc1 (webtiles) character file.

Game seed: 10566980338810591588

557 H0rd4k the Trooper (level 7, -5/60 HPs)
             Began as a Human Artificer on Feb 13, 2024.
             Slain by an iguana (12 damage)
             ... on level 3 of the Dungeon.
             The game lasted 00:03:19 (3423 turns).

H0rd4k the Trooper (Human Artificer)                Turns: 3423, Time: 00:03:19

Health: -5/60      AC:  5    Str: 12    XL:     7   Next: 30%
Magic:  7/7        EV: 11    Int: 13    God:
Gold:   210        SH:  0    Dex: 14    Spells: 6/6 levels left

rFire   . . .        o - +0 whip (venom)
rCold   . . .        (no shield)
rNeg    + . .        q - +2 robe {rN+}
rPois   .            (no helmet)
rElec   .            m - +0 cloak
rCorr   .            (no gloves)
SInv    .            (no boots)
Will    .....        (no amulet)
Stlth   ++           l - ring of wizardry
HPRegen 0.30/turn    (no ring)
MPRegen 0.10/turn

%: wizardry (x1)
@: no status effects
A: explore regen
a: no special abilities


You were on level 3 of the Dungeon.
You visited 1 branch of the dungeon, and saw 4 of its levels.

You collected 210 gold pieces.

Inventory:

Hand Weapons
 o - a +0 whip of venom (weapon)
Armour
 b - a +0 leather armour
 m - a +0 cloak (worn)
 q - a +2 robe of positive energy (worn)
Magical Staves
 h - a staff of alchemy
Jewellery
 l - a ring of wizardry (left hand)
Wands
 c - a wand of flame (7) (quivered)
 d - a wand of charming (15)
Scrolls
 f - a scroll of vulnerability {unknown}
 g - 3 scrolls of teleportation {unknown}
 i - 4 scrolls of identify {unknown}
 n - 2 scrolls of fear {unknown}
 r - a scroll of poison {unknown}
Potions
 a - a potion of heal wounds {unknown}
 j - a potion of magic {unknown}
 k - a potion of brilliance {unknown}
 p - 2 potions of curing {unknown}


   Skills:
 + Level 7.6 Fighting
 - Level 2.0 Armour
 - Level 1.0 Dodging
 - Level 1.0 Stealth
 - Level 3.0 Evocations


You had 6 spell levels left.
You didn't know any spells.
Your spell library contained the following spells:

 Spells                   Type           Power      Damage    Failure   Level
 Leda's Liquefaction      Alch/Erth      0%         N/A       73%         4
 Lee's Rapid Deconstruct  Erth           0%         3d4*      96%         5
 Bombard                  Conj/Erth      0%         9d1       100%        6


Dungeon Overview and Level Annotations

Branches:
Dungeon (4/15)
 Temple: D:4-7

Altars:
Yredelemnul

Shops:
D:1 (   D:2 !

Annotations:
D:3 exclusion: downstairs


Innate Abilities, Weirdness & Mutations

You regain HP and MP as you explore.


Message History

An orc is nearby!
An orc is nearby! 2 orc priests come into view.
Found 10 gold pieces.
The iguana hisses angrily.
The orc priest calls down the wrath of Beogh upon you.
Beogh smites you!
You see here a ribbon worm corpse.
There is a stone staircase leading up here.
The iguana bites you! The orc closely misses you.
You climb upwards.
Level annotation: exclusion: downstairs
There is a stone staircase leading down here.
The iguana bites you but does no damage.
The orc closely misses you.
You barely miss the iguana. The iguana bites you!
You hit the iguana but do no damage.
The iguana is poisoned.
The iguana bites you!
You hit the iguana.
The iguana looks as sick as possible!
The iguana is lightly wounded.
The iguana bites you.
You hit the iguana but do no damage.
The iguana looks as sick as possible!
The iguana is moderately wounded.
The iguana bites you!
You hit the iguana.
The iguana is heavily wounded.
The iguana closely misses you.
You hit the iguana but do no damage.
The iguana looks as sick as possible!
The iguana is heavily wounded.
The iguana closely misses you.
You barely miss the iguana.
The iguana is heavily wounded.
The iguana bites you!
* * * LOW HITPOINT WARNING * * *
The iguana bites you.
* * * LOW HITPOINT WARNING * * *
You hit the iguana but do no damage.
The iguana is almost dead.
The iguana bites you!
You die...

....####...........###....####.#.
....####....#####..##..##.# #.#.
...................#...##.# #.#.
...###.#....#####..#.#.##.####.#.
..)###.#........................#
.....)...........................
....##.#..#.##.#..........####.##
............##†#...##..##.# #.##
......##..####ol@......##.# #.##
...........# #.#...#...##.# #.##
......##..## #.#...#..###.# #.##
....####..# #.#...#..# #.# #.##
..........####.#...#..# #.# #.##
....####.......#...#..###.####...
....# #..##.......#..##.........
....# #....^......#..##.........
....####..##.#.#..##.............


You could see an iguana (extremely poisoned) and an orc.

Vanquished Creatures
  Grinder (D:3)
  Sigmund (D:3)
  Ijyb (D:3)
  An orc wizard (D:3)
  6 adders
  4 dart slugs
  A ribbon worm (D:4)
  5 orcs
  6 endoplasms
  A giant cockroach (D:1)
  8 goblins
  6 hobgoblins
  4 jackals
  4 quokkas
  8 ball pythons
  4 bats
  3 frilled lizards
  9 kobolds
  7 rats
80 creatures vanquished.

Notes
Turn   | Place    | Note
-------+----------+-------------------------------------------
     0 | D:1      | H0rd4k the Human Artificer began the quest for the Orb.
     0 | D:1      | Reached XP level 1. HP: 15/15 MP: 1/1
   188 | D:1      | Reached skill level 2 in Fighting
   188 | D:1      | Reached XP level 2. HP: 21/22 MP: 2/2
   282 | D:1      | Found Cetoll's Weapon Shoppe.
   576 | D:1      | Reached XP level 3. HP: 27/28 MP: 3/3
   611 | D:1      | Reached skill level 3 in Fighting
   973 | D:2      | Found Vakiruto's Distillery.
  1337 | D:2      | Reached XP level 4. HP: 33/37 MP: 4/4
  1932 | D:3      | Reached skill level 4 in Fighting
  2010 | D:3      | Noticed Ijyb
  2023 | D:3      | Killed Ijyb
  2066 | D:3      | Reached XP level 5. HP: 43/43 MP: 5/5
  2206 | D:3      | Noticed Sigmund
  2218 | D:3      | Killed Sigmund
  2219 | D:3      | Reached skill level 6 in Fighting
  2219 | D:3      | Reached XP level 6. HP: 31/52 MP: 6/6
  2418 | D:3      | Noticed Grinder
  2422 | D:3      | Paralysed by Grinder for 3 turns
  2443 | D:3      | Killed Grinder
  2444 | D:3      | Reached skill level 7 in Fighting
  2444 | D:3      | Reached XP level 7. HP: 36/60 MP: 7/7
  2744 | D:3      | Found a basalt altar of Yredelemnul.
  3423 | D:3      | Slain by an iguana

Illustrated notes

Levels and vault maps discovered:
D:1:      dpeg_arrival_renting, layout_loops_ring, serial_shops,
          nicolae_shop_waterfront, serial_bayou_pond_b
D:2:      layout_basic, serial_shops, shop
D:3:      layout_basic, lemuel_crystal_altar, uniq_ijyb, uniq_sigmund,
          uniq_grinder
D:4:      layout_layer_cave, kennysheep_nondescript, kennysheep_generic_room_10

Skill      XL: |  1  2  3  4  5  6 |
---------------+-------------------+-----
Fighting       | 2 3 4 6 7 |  7.6
Armour         | |  2.0
Dodging        | |  1.0
Stealth        | |  1.0
Evocations     | |  3.0

Action                     |  1- 3 |  4- 6 |  7- 9 || total
---------------------------+-------+-------+-------++-------
  Melee: Club              |   155 |     3 |       ||   158
         Whip              |       |    99 |    77 ||   176
         Punch             |       |       |     1 ||     1
  Evoke: Wand              |     6 |    10 |       ||    16
   Stab: Sleeping          |     2 |     2 |     2 ||     6
         Distracted        |       |     1 |       ||     1
 Armour: Leather armour    |   104 |    59 |       ||   163
         Robe              |       |     5 |    53 ||    58
  Dodge: Dodged            |   115 |    74 |    43 ||   232
